 Dungeon Crawl Stone Soup version 0.21.1-1-g345015fe64 (webtiles) character file.

801 KleinerIrrer the Chopper (level 8, -2/60 HPs)
             Began as a Formicid Fighter on Apr 4, 2018.
             Was an Initiate of Okawaru.
             Slain by KleinerIrrer's ghost (7 damage)
             ... on level 5 of the Dungeon.
             The game lasted 00:02:45 (8533 turns).

KleinerIrrer the Chopper (Formicid Fighter)         Turns: 8533, Time: 00:02:46

Health: -2/60      AC:  9    Str: 24 (26) XL:     8   Next: 14%
Magic:  9/9        EV:  7    Int:  4 (5)  God:    Okawaru [......]
Gold:   363        SH: 10    Dex:  9 (10) Spells: 7/7 levels left

rFire    . . .     SeeInvis +   Y - +0 war axe
rCold    . . .     Gourm    .   c - +0 shield
rNeg     . . .     Faith    +   o - +0 chain mail
rPois    .         Spirit   .   (helmet unavailable)
rElec    .         Reflect  .   (no cloak)
rCorr    .         Harm     .   (no gloves)
MR       .....                  (no boots)
Stlth    ..........             m - amulet of faith
HPRegen  0.20/turn              (no ring)
MPRegen  0.11/turn              (no ring)

@: no status effects
A: permanent stasis, dig shafts and tunnels, four strong arms, antennae 3, dopey
1, strong 1
a: Dig, Shaft Self, Renounce Religion


You were on level 5 of the Dungeon.
You worshipped Okawaru.
Okawaru was noncommittal.
You were hungry.

You visited 1 branch of the dungeon, and saw 5 of its levels.

You collected 363 gold pieces.


Innate Abilities, Weirdness & Mutations

You cannot be hasted, slowed, berserked, paralysed or teleported.
You can dig through walls and to a lower floor.
Your four strong arms can wield two-handed weapons with a shield.
You have a pair of large antennae on your head. (SInv)
You are dopey. (Int -2)
Your muscles are strong. (Str +2)


   Skills:
 - Level 4.3 Fighting
 + Level 6.8 Axes
 - Level 3.2 Armour
 - Level 1.0 Dodging
 - Level 6.0 Shields
 - Level 2.3 Invocations


You had 7 spell levels left.
You didn't know any spells.

Inventory:

Hand Weapons
 n - a +0 mace
 Y - a +0 war axe (weapon)
Armour
 c - a +0 shield (worn)
 o - a +0 chain mail (worn)
Jewellery
 m - an amulet of faith (around neck)
Wands
 i - a wand of flame (34)
Scrolls
 k - 5 scrolls of remove curse
 p - a scroll of identify
Potions
 b - a potion of berserk rage {unknown}
 d - 3 potions of might
 g - 2 potions of mutation
 j - a potion of cancellation {unknown}
 l - 2 potions of curing
Comestibles
 e - 6 rations

Dungeon Overview and Level Annotations

Branches:
Dungeon (5/15)
 Temple: D:4-7

Altars:
Ashenzari
Elyvilon
Gozag
Kikubaaqudgha
Okawaru
Trog

Annotations:
D:5 KleinerIrrer's ghost, novice FoFi


Message History

You block KleinerIrrer's ghost's attack.
Your shield and chain mail prevent you from hitting KleinerIrrer's ghost.
KleinerIrrer's ghost hits you but does no damage.
You hit KleinerIrrer's ghost but do no damage.
KleinerIrrer's ghost screams, "What do you have that I didn't have?"
You block KleinerIrrer's ghost's attack.
You hit KleinerIrrer's ghost.
KleinerIrrer's ghost is lightly damaged.
KleinerIrrer's ghost hits you!
Your chain mail prevents you from hitting KleinerIrrer's ghost.
KleinerIrrer's ghost is lightly damaged.
KleinerIrrer's ghost hits you!
You hit KleinerIrrer's ghost.
KleinerIrrer's ghost is lightly damaged.
You block KleinerIrrer's ghost's attack.
KleinerIrrer's ghost hits you!
You slash KleinerIrrer's ghost!
KleinerIrrer's ghost is moderately damaged.
KleinerIrrer's ghost hits you!
You die...

#. ..# #.# #.# ### # ...
#.###.. #. #.# #.##...
##.##.# #.##..# ##.!.#.#
#.##..#
##......##########.##..#
#.......W...............
.......@.##.....#####.##
#..$....###.##### #.#
............# #.#
.##.........# #.#
............. #.##
.###...........) #.<.
##..........## ####
#.....[.##~~~ #.......#
~###


You could see KleinerIrrer's ghost.

Vanquished Creatures
  Sigmund (D:2)
  The ghost of Ursun the Shield-Bearer, an amateur VSFi (D:4)
  A sky beast (D:5)
  An ogre (D:4)
  A bullfrog zombie (D:5)
  An orc priest (D:1)
  2 orc wizards (D:5)
  Ijyb (D:4)
  Terence (D:2)
  A howler monkey skeleton (D:4)
  6 adders
  3 oozes
  An adder zombie (D:5)
  3 worms
  3 dart slugs
  3 leopard geckos
  6 orcs
  A ball python (D:4)
  14 bats
  6 giant cockroaches
  6 hobgoblins
  3 jackals (D:4)
  3 quokkas
  7 frilled lizards
  8 goblins
  9 kobolds
  12 rats
105 creatures vanquished.

Notes
Turn   | Place    | Note
-------+----------+-------------------------------------------
     0 | D:1      | KleinerIrrer the Formicid Fighter began the quest for the Orb.
     0 | D:1      | Reached XP level 1. HP: 18/18 MP: 1/1
     0 | D:1      | 0 ||| counter = 10
   251 | D:1      | Reached XP level 2. HP: 21/24 MP: 2/2
   407 | D:1      | Reached skill level 3 in Axes
   630 | D:1      | Reached XP level 3. HP: 26/29 MP: 3/3
  1129 | D:1      | 1129 ||| UPGRADING to chain mail.
  1139 | D:1      | 1139 ||| DROPPING +0 scale mail.
  1140 | D:1      | 1140 ||| READING scroll labeled VUJ QU DEUPIZ.
  1141 | D:1      | 1141 ||| READING scroll labeled ZIT ZUELLO.
  1142 | D:1      | 1142 ||| READING scroll labeled XEAGAU OCUSA.
  1143 | D:1      | 1143 ||| READING scroll labeled TEOX KIAQYQI.
  1144 | D:1      | 1144 ||| DRINKING 2 brown potions.
  1173 | D:1      | 1173 ||| DRINKING 2 amethyst potions.
  1174 | D:1      | 1174 ||| DROPPING potion of lignification.
  1175 | D:1      | 1175 ||| DROPPING potion of brilliance.
  1208 | D:1      | 1208 ||| EATING 6 rations.
  1218 | D:2      | 1218 ||| STAIRDANCE
  1394 | D:2      | 1394 ||| STAIRDANCE
  1410 | D:2      | 1410 ||| STAIRDANCE
  1469 | D:2      | 1469 ||| STAIRDANCE
  1476 | D:1      | Reached XP level 4. HP: 25/35 MP: 4/4
  1809 | D:2      | Noticed Terence
  1826 | D:2      | Killed Terence
  1826 | D:2      | Reached XP level 5. HP: 41/41 MP: 5/5
  1917 | D:2      | Noticed Sigmund
  1946 | D:2      | Killed Sigmund
  1946 | D:2      | Reached skill level 6 in Shields
  1946 | D:2      | Reached XP level 6. HP: 13/47 MP: 6/6
  2529 | D:2      | 2529 ||| READING scroll labeled QEGUX YS SOTSEREL.
  2530 | D:2      | 2530 ||| DRINKING 2 silvery potions.
  2531 | D:2      | 2531 ||| READING scroll of identify.
  2531 | D:2      | 2531 ||| IDENTIFYING thick ruby amulet
  2532 | D:2      | 2532 ||| UPGRADING to amulet of faith.
  2753 | D:3      | Found an iron altar of Okawaru.
  2759 | D:3      | Became a worshipper of Warmaster Okawaru
  3199 | D:3      | Found an ancient bone altar of Kikubaaqudgha.
  3350 | D:3      | 3350 ||| UPGRADING to club.
  3351 | D:3      | 3351 ||| SWAPPING to +0 war axe.
  3663 | D:3      | Found a shattered altar of Ashenzari.
  3700 | D:3      | 3700 ||| READING scroll labeled ZOASEN YVEMIYBB.
  3701 | D:3      | 3701 ||| DRINKING 3 black potions.
  3701 | D:3      | Gained mutation: You are dopey. (Int -2) [potion of mutation]
  3701 | D:3      | Gained mutation: Your muscles are strong. (Str +2) [potion of mutation]
  3702 | D:3      | 3702 ||| READING 2 scrolls of identify.
  3702 | D:3      | 3702 ||| IDENTIFYING ruby potion
  3703 | D:3      | 3703 ||| DROPPING potion of invisibility.
  3727 | D:4      | Noticed Ursun's ghost (amateur VSFi)
  3740 | D:4      | 3740 ||| STAIRDANCE
  3828 | D:4      | 3828 ||| STAIRDANCE
  3964 | D:4      | 3964 ||| STAIRDANCE
  3996 | D:4      | 3996 ||| STAIRDANCE
  4042 | D:4      | 4042 ||| STAIRDANCE
  4099 | D:3      | 4099 ||| EATING 9 rations.
  4104 | D:4      | 4104 ||| STAIRDANCE
  4133 | D:4      | 4133 ||| STAIRDANCE
  4198 | D:4      | 4198 ||| STAIRDANCE
  4291 | D:4      | 4291 ||| STAIRDANCE
  4420 | D:4      | 4420 ||| STAIRDANCE
  4462 | D:4      | 4462 ||| STAIRDANCE
  4568 | D:4      | 4568 ||| STAIRDANCE
  4690 | D:4      | Noticed Ijyb
  4698 | D:4      | Killed Ijyb
  4698 | D:4      | Reached XP level 7. HP: 46/52 MP: 7/7
  4771 | D:4      | Reached skill level 1 in Dodging
  4830 | D:4      | 4830 ||| STAIRDANCE
  4894 | D:3      | 4894 ||| READING 2 scrolls labeled UXUWKI UDUIXT.
  4895 | D:3      | 4895 ||| READING 2 scrolls of identify.
  4895 | D:3      | 4895 ||| IDENTIFYING murky red potion
  4896 | D:3      | 4896 ||| DROPPING scroll of noise.
  4897 | D:3      | 4897 ||| DROPPING potion of flight.
  4906 | D:4      | Reached skill level 6 in Axes
  4907 | D:4      | 4907 ||| STAIRDANCE
  5151 | D:4      | Killed Ursun's ghost
  5166 | D:4      | 5166 ||| EATING 8 rations.
  5373 | D:4      | Found a white marble altar of Elyvilon.
  5627 | D:5      | Entered Level 5 of the Dungeon
  5750 | D:5      | Reached * piety under Okawaru
  5866 | D:5      | Reached skill level 1 in Invocations
  5866 | D:5      | Reached XP level 8. HP: 42/60 MP: 7/9
  5867 | D:5      | 5867 ||| STAIRDANCE
  5951 | D:4      | 5951 ||| DRINKING 2 pink potions.
  5952 | D:4      | 5952 ||| DRINKING 2 fuming brown potions.
  5953 | D:4      | 5953 ||| DROPPING potion of degeneration.
  5954 | D:4      | 5954 ||| DROPPING potion of magic.
  6042 | D:5      | Found an opulent altar of Gozag.
  6227 | D:5      | Found a bloodstained altar of Trog.
  6228 | D:5      | 6228 ||| DROPPING +0 club.
  6229 | D:5      | 6229 ||| UPGRADING to mace.
  6230 | D:5      | 6230 ||| SWAPPING to +0 war axe.
  6308 | D:5      | Noticed KleinerIrrer's ghost (novice FoFi)
  6310 | D:5      | 6310 ||| INVOKING Heroism.
  6337 | D:5      | 6337 ||| STAIRDANCE
  6542 | D:4      | 6542 ||| EATING 8 rations.
  6543 | D:4      | 6543 ||| UPGRADING to knobbly pearl ring.
  6544 | D:4      | 6544 ||| REMOVING ring of see invisible.
  6545 | D:4      | 6545 ||| DROPPING ring of see invisible.
  6548 | D:5      | 6548 ||| INVOKING Heroism.
  6559 | D:5      | 6559 ||| STAIRDANCE
  6770 | D:5      | 6770 ||| INVOKING Heroism.
  6785 | D:5      | 6785 ||| STAIRDANCE
  6945 | D:5      | 6945 ||| INVOKING Heroism.
  6963 | D:5      | 6963 ||| STAIRDANCE
  7097 | D:5      | 7097 ||| STAIRDANCE
  7157 | D:5      | 7157 ||| STAIRDANCE
  7267 | D:5      | 7267 ||| STAIRDANCE
  7296 | D:5      | 7296 ||| STAIRDANCE
  7424 | D:5      | 7424 ||| STAIRDANCE
  7558 | D:5      | 7558 ||| STAIRDANCE
  7730 | D:4      | 7730 ||| EATING 7 rations.
  7734 | D:5      | 7734 ||| STAIRDANCE
  7806 | D:5      | 7806 ||| STAIRDANCE
  7905 | D:5      | 7905 ||| STAIRDANCE
  7945 | D:5      | 7945 ||| STAIRDANCE
  8112 | D:5      | 8112 ||| STAIRDANCE
  8202 | D:5      | 8202 ||| STAIRDANCE
  8250 | D:5      | 8250 ||| STAIRDANCE
  8333 | D:5      | 8333 ||| STAIRDANCE
  8428 | D:5      | 8428 ||| STAIRDANCE
  8531 | D:5      | HP: 13/60 [KleinerIrrer's ghost (9)]
  8532 | D:5      | HP: 5/60 [KleinerIrrer's ghost (8)]
  8533 | D:5      | Slain by KleinerIrrer's ghost

Vault maps used:
D:1:      erik_arrival_cave_to_civilisation, minmay_bisected
D:2:      first_ration, uniq_terence, uniq_sigmund
D:3:      old_standard_altar, okawaru_gym_becter, lemuel_coloured_pillars_altar,
          minmay_misc_feat_more_columns, kennysheep_generic_room_5
D:4:      kennysheep_mini, uniq_ijyb
D:5:      basic_altar, minmay_misc_feat_x, minmay_crystal_water, bloody_trog

Skill      XL: |  1  2  3  4  5  6  7  8 |
---------------+-------------------------+-----
Axes           | 3 4 5 6 |  6.8
Shields        | 6 |  6.0
Dodging        | 1 |  1.0
Fighting       | 4 |  4.3
Invocations    | 1 2 |  2.3
Armour         | |  3.2

Action                   |  1- 3 |  4- 6 |  7- 9 || total
-------------------------+-------+-------+-------++-------
Melee: War axe           |    90 |   196 |   190 ||   476
Invok: Heroism           |       |       |     4 ||     4
  Use: Scroll            |     4 |     4 |     2 ||    10
       Potion            |     2 |     2 |     2 ||     6
 Stab: Distracted        |       |     1 |       ||     1
  Eat: Ration            |     1 |     1 |     3 ||     5
       Chunk             |       |     6 |     1 ||     7
Armor: Scale mail        |    26 |       |       ||    26
       Chain mail        |    21 |    57 |    49 ||   127
Dodge: Dodged            |    31 |    38 |    44 ||   113
Block: Shield            |    58 |    87 |    88 ||   233

Table legend:
 A = Spawn XP
 B = Non-spawn XP
 C = Spawn XP percentage of total XP
 D = Spawn monster count
 E = Non-spawn monster count
 F = Spawn count percentage of total count
 G = Total turns spent on level
                    A         B        C        D         E        F      G
               +---------+---------+-------+---------+---------+-------+---------
         Total |       0 |    1145 |   0.0 |       0 |     105 |   0.0 |  8533
               +---------+---------+-------+---------+---------+-------+---------
           D:1 |       0 |      90 |   0.0 |       0 |      32 |   0.0 |  1553
           D:2 |       0 |     337 |   0.0 |       0 |      32 |   0.0 |   991
           D:3 |       0 |      78 |   0.0 |       0 |      20 |   0.0 |  2276
           D:4 |       0 |     350 |   0.0 |       0 |      11 |   0.0 |  2916
           D:5 |       0 |     290 |   0.0 |       0 |      10 |   0.0 |   797
               +---------+---------+-------+---------+---------+-------+---------
